 Dungeon Crawl Stone Soup version 0.19-a0-680-gdf79c29 (webtiles) character file.

119812 LittleJoe the Severer (level 16, 0/144 HPs)
             Began as a Minotaur Fighter on June 17, 2016.
             Was the Champion of Okawaru.
             Slain by a swamp dragon (13 damage)
             ... on level 4 of the Swamp.
             The game lasted 01:40:19 (32034 turns).

LittleJoe the Severer (Minotaur Fighter)           Turns: 32034, Time: 01:40:20

Health: 0/144      AC: 35    Str: 27    XL:     16   Next: 28%
Magic:  35/35      EV: 18    Int:  6    God:    Okawaru [******]
Gold:   1796       SH:  0    Dex: 14    Spells: 4 memorised, 17 levels left

rFire  + + .     SeeInvis +     H - +6 flail of Dung {drain, rF+ MR+ SInv}
rCold  . . .     Gourm    .     n - +10 plate armour "Synirgh" {rN+}
rNeg   + . .     Faith    .     X - +3 buckler of Greed {*Drain rCorr MP+9 Slay+6}
rPois  .         Spirit   .     V - +2 hat {MR+}
rElec  +         Dismiss  .     C - +0 cloak
rCorr  +         Reflect  .     B - +0 pair of gloves of Lifelessness {rElec Regen+ Stlth-}
SustAt .         Harm     .     P - +2 pair of boots {run}
MR     +++..                    (no amulet)
Stlth  ..........               W - ring of Tapomn {rF+ Dex+2 Stlth+}
                                F - +4 ring of evasion

@: confused, lethally poisoned (0 -> -1), quick, extremely resistant to hostile
enchantments, extremely unstealthy
A: retaliatory headbutt, horns 2, talons 1, agile 1, wild magic 1
a: Heroism, Finesse, Renounce Religion


You were on level 4 of the Swamp.
You worshipped Okawaru.
Okawaru was exalted by your worship.
You were hungry.

You visited 5 branches of the dungeon, and saw 28 of its levels.
You also visited: Labyrinth, Sewer, Ossuary, Bailey and Volcano.

You collected 3002 gold pieces.
You spent 1206 gold pieces at shops.

Inventory:

Hand Weapons
 G - a +6 broad axe of chopping
 H - the +6 flail of Dung (weapon) {drain, rF+ MR+ SInv}
   (You found it on level 6 of the Dungeon)

   A truly terrible weapon, it drains the life of those it strikes.
   It protects you from fire.
   It affects your resistance to hostile enchantments.
   It lets you see invisible.
Armour
 n - the +10 plate armour "Synirgh" (worn) {rN+}
   (You bought it in a shop on level 2 of the Orcish Mines)

   It protects you from negative energy.
 B - the +0 pair of gloves of Lifelessness (worn) {rElec Regen+ Stlth-}
   (Okawaru gifted it to you on level 4 of the Lair of Beasts)

   It insulates you from electricity.
   It increases your rate of regeneration.
   It makes you less stealthy.
 C - a +0 cloak (worn)
 P - a +2 pair of boots of running (worn)
 V - a +2 hat of magic resistance (worn)
 X - the +3 buckler of Greed (worn) {*Drain rCorr MP+9 Slay+6}
   (You acquired it on level 1 of the Lair of Beasts)

   It affects your accuracy and damage with ranged weapons and melee attacks
   (+6).
   It affects your magic capacity (+9).
   It protects you from acid and corrosion.
   It causes draining when unequipped.
Jewellery
 F - a +4 ring of evasion (left hand)
 W - the ring of Tapomn (right hand) {rF+ Dex+2 Stlth+}
   (You found it on level 11 of the Dungeon)

   [ring of protection from fire]

   It affects your dexterity (+2).
   It protects you from fire.
   It makes you more stealthy.
Wands
 b - a wand of iceblast (9/15)
 i - a wand of paralysis (10/24)
 p - a wand of lightning (6/15)
 t - a wand of paralysis (23/24)
 u - a wand of acid (8/15)
 z - a wand of confusion (25/48)
 K - a wand of teleportation (7/9)
 L - a wand of acid (6/15)
Scrolls
 a - 4 scrolls of magic mapping
 c - 2 scrolls of holy word
 d - a scroll of identify
 h - 2 scrolls of amnesia
 s - 5 scrolls of recharging
 v - 16 scrolls of teleportation
 y - 4 scrolls of fog
 D - a scroll of fear
 I - 7 scrolls of remove curse
 Y - 5 scrolls of immolation
Potions
 e - a potion of ambrosia
 g - 3 potions of cancellation
 k - 4 potions of lignification
 m - 3 potions of agility
 o - a potion of resistance
 q - 2 potions of haste
 r - 3 potions of curing
 w - 7 potions of magic
 J - 3 potions of might
 M - 4 potions of berserk rage
 R - 2 potions of invisibility
Books
 j - a Young Poisoner's Handbook

   Spells                             Type                      Level
   a - Sting                          Conjuration/Poison           1
   b - Cure Poison                    Poison                       2
   c - Mephitic Cloud                 Conjuration/Poison/Air       3
   d - Olgreb's Toxic Radiance        Poison                       4
   e - Venom Bolt                     Conjuration/Poison           5
Miscellaneous
 E - a lamp of fire
Comestibles
 f - 16 bread rations
 l - 6 meat rations
 x - 10 slices of pizza
 A - 14 fruits
 N - 6 chunks of flesh


   Skills:
 + Level 13.3 Fighting
 * Level 17.8 Axes
 + Level 13.7 Armour
 + Level 11.9 Dodging
 + Level 13.1 Shields
 + Level 7.8 Spellcasting
 - Level 3.9 Transmutations
 - Level 5.0 Invocations


You had 17 spell levels left.
You knew the following spells:

 Your Spells              Type           Power        Failure   Level  Hunger
a - Necromutation         Tmut/Necr      #.........   100%        8    #######
b - Apportation           Tloc           #.........   99%         1    #......
c - Repel Missiles        Chrm/Air       #.....       100%        2    ##.....
d - Blink                 Tloc           N/A          100%        2    ##.....


Dungeon Overview and Level Annotations

Branches:
Dungeon (15/15)            Temple (1/1) D:4            Lair (6/6) D:11
  Swamp (4/4) Lair:2        Snake (0/4) Lair:4        Slime (0/5) Lair:5
    Orc (2/2) D:12            Elf (0/3) Orc:2        Vaults (0/5) D:13
 Depths (0/5) D:15

Altars:
Ashenzari
Cheibriados
Dithmenos
Elyvilon
Fedhas
Gozag
Hepliaklqana
Kikubaaqudgha
Makhleb
Nemelex Xobeh
Okawaru
Pakellas
Qazlal
Ru
Sif Muna
Trog
Uskayaw
Vehumet
Xom
Yredelemnul
Zin
The Shining One
Beogh
Jiyva

Shops:
D:2 *   D:10 (   Orc:2 [}((:

Annotations:
D:4 1 runed door


Innate Abilities, Weirdness & Mutations

You reflexively headbutt those who attack you in melee.
You have a pair of horns on your head.
You have sharp toenails.
You are agile. (Dex +2)
Your spells are a little harder to cast, but a little more powerful.


Message History

* * * LOW HITPOINT WARNING * * *
The insubstantial wisp completely misses you.
The bog body closely misses you. The bog body touches you.
* * * LOW HITPOINT WARNING * * *
The bog body freezes you!
* * * LOW HITPOINT WARNING * * *
The insubstantial wisp blinks!
The swamp dragon breathes poison at you.
The blast of poison misses you.
Unknown command.
You barely miss the swamp dragon. You headbutt the swamp dragon.
The swamp dragon is severely wounded.
You are engulfed in poison gas.
You are poisoned.
* * * LOW HITPOINT WARNING * * *
You feel sick. The insubstantial wisp misses you. The bog body hits you.
* * * LOW HITPOINT WARNING * * *
The bog body touches you but does no damage.
The swamp dragon bites you!
You die...

♣.≈♣.≈≈≈≈..♣ ♣♣*♣♣≈♣♣..≈♣♣♣§≈≈≈≈≈
♣♣♣♣♣≈♣♣♣♣♣♣♣♣.♣♣...≈^..♣♣.≈≈≈≈≈.
♣♣♣*** ♣.≈.≈≈..♣♣≈.≈.≈≈≈≈..♣
***,** ♣♣≈≈...≈♣♣♣≈≈≈≈≈≈≈.♣≈
**,,,,***♣♣.....#.≈.≈♣≈≈≈≈.♣≈
**,,,,.≈♣.♣≈†.....≈≈♣♣♣♣♣..♣♣♣
***,*,,≈....§§.k#v♣.≈♣♣ ♣♣♣♣ ♣
**,,≈,≈,,....§§♣nD§≈♣♣♣****
,≈≈≈,,,,,...§.§♣@§≈♣≈♣**,≈* ****
≈,≈≈,≈,≈,...≈.§v§§.♣♣♣,≈*****≈≈**
≈,,≈≈,,,,≈.≈..§§§.§♣≈,****≈,≈≈≈≈≈
≈,≈≈,≈≈,,....§..≈...≈,,,*≈≈,*≈*≈≈
,,,≈≈,,,≈≈≈.♣..(......,≈≈≈,,,,,,,
≈*,,,,*,≈..≈≈≈.≈..♣♣≈..#*,**≈*,,≈
**,≈,,,,≈.,.≈.≈..♣♣*.###***,*≈≈,≈
,,,,≈≈,,≈≈.§....≈≈≈**.≈** ***≈≈,≈
,≈≈,,,,≈,≈,,,,,≈,,≈≈**,≈****≈≈≈,*


You could see a swamp dragon, a bog body, a swamp drake and 2 insubstantial
wisps.

Vanquished Creatures
  Rupert (D:13)
  Gastronok (Lair:2)
  A thorn hunter (Swamp:1)
  Maud (D:11)
  An orc warlord (Bailey)
  Azrael (D:13)
  Nessos (D:15)
  The ghost of flinch the Devastator, a journeyman OpCj of Cheibriados (Orc:2)
  Snorg (D:10)
  A minotaur (Lab)
  Josephine (D:10)
  Harold (D:10)
  11 hydras
  A ghost crab (Swamp:3)
  An ice dragon (Lair:6)
  A centaur warrior (D:15)
  A catoblepas (Lair:1)
  5 alligators
  2 dancing weapons (D:13)
  An ogre mage (D:15)
  4 death yaks (Lair:4)
  5 tengu warriors
  3 orc high priests (Orc:2)
  Sonja (Lair:1)
  2 shambling mangroves
  2 lindwurms (Lair:6)
  3 swamp dragons
  7 orc knights
  4 hill giants
  An oklob plant (Lair:4)
  8 orc sorcerers
  2 wizards
  2 wolf spiders (Lair:6)
  4 deep elf magi
  3 hornets
  An ugly thing (D:8)
  2 cyclopes
  3 manticores
  2 griffons
  9 elephants
  6 torpor snails (Lair:6)
  A guardian serpent (Lair:6)
  9 black mambas
  Psyche (D:9)
  21 spiny frogs
  3 komodo dragons
  A redback zombie (D:11)
  The ghost of Aksej the Ruffian, an amateur TrMo (Ossuary)
  A yaktaur (D:12)
  A polar bear (Lair:3)
  8 trolls
  15 slime creatures
  3 two-headed ogres
  7 bog bodies
  6 blink frogs
  8 giant leeches
  A meliai zombie (D:11)
  A redback (Lair:6)
  4 spriggans (Swamp:2)
  2 shadows
  5 wraiths (D:10)
  Sigmund (D:3)
  A basilisk (Lair:4)
  10 fire elementals
  43 yaks
  5 wyverns
  11 vampire mosquitoes
  A human (D:7)
  A steam dragon (D:12)
  11 hippogriffs
  A warg (Orc:1)
  3 hungry ghosts
  24 insubstantial wisps
  2 mottled dragons
  12 swamp worms
  A soldier ant (D:10)
  20 water moccasins
  10 porcupines
  3 hell hounds (D:13)
  6 swamp drakes
  28 orc warriors
  4 sky beasts
  13 ogres
  2 black bears
  3 necrophages
  2 phantoms
  15 wasps
  7 centaurs
  4 wolves
  14 crocodiles
  Blork the orc (D:4)
  3 big kobolds
  21 giant frogs
  7 elf zombies (Ossuary)
  A wyvern skeleton (D:13)
  4 scorpions
  5 killer bees (D:12)
  7 wights
  4 electric eels
  2 crimson imps
  A jelly (D:10)
  7 howler monkeys
  2 giant frog zombies
  4 centaur zombies
  2 quasits
  9 hounds
  4 human zombies (Ossuary)
  4 centaur skeletons
  3 giant frog skeletons
  Crazy Yiuf (D:5)
  15 orc priests
  26 orc wizards
  10 iguanas
  17 worker ants
  45 sheep
  3 mummies (Ossuary)
  A hound zombie (D:6)
  2 hound skeletons
  Robin (D:4)
  12 gnolls
  A howler monkey skeleton (D:9)
  18 adders
  58 river rats
  2 shadow imps
  6 oozes
  2 adder zombies
  An adder skeleton (D:6)
  28 worms
  3 dart slugs
  10 giant geckos
  67 orcs
  12 giant cockroaches
  6 hobgoblins
  21 jackals
  4 quokkas
  2 ball pythons
  13 bats
  7 giant newts
  22 goblins
  26 kobolds
  13 rats
  2 bushes (Lair:4)
  A fire vortex (Volcano)
  4 fungi
  7 plants
1026 creatures vanquished.

Vanquished Creatures (others)
  A giant leech (Swamp:3)
  A blink frog (Swamp:4)
  A porcupine (Lair:2)
  A giant frog (D:15)
  An orc wizard (Orc:2)
  5 sheep (D:7)
  An orc (Orc:2)
  7 fungi
  46 plants
64 creatures vanquished.

Grand Total: 1090 creatures vanquished

Notes
Turn   | Place    | Note
--------------------------------------------------------------
     0 | D:1      | LittleJoe the Minotaur Fighter began the quest for the Orb.
     0 | D:1      | Reached XP level 1. HP: 19/19 MP: 0/0
   158 | D:1      | Reached XP level 2. HP: 27/27 MP: 1/1
   177 | D:1      | Reached skill level 3 in Axes
   377 | D:1      | Reached XP level 3. HP: 33/33 MP: 2/2
   737 | D:2      | Reached skill level 1 in Dodging
   798 | D:2      | Found a sacrificial altar of Ru.
   839 | D:2      | Reached XP level 4. HP: 37/40 MP: 3/3
   907 | D:2      | Found Zin's Purification Station.
   910 | D:2      | Found a glowing silver altar of Zin.
  1408 | D:3      | Noticed Sigmund
  1412 | D:3      | Killed Sigmund
  1412 | D:3      | Reached skill level 4 in Axes
  1412 | D:3      | Reached skill level 1 in Spellcasting
  1412 | D:3      | Reached XP level 5. HP: 47/47 MP: 5/5
  1463 | D:3      | Reached XP level 6. HP: 53/53 MP: 6/6
  1482 | D:3      | Found a glowing drain.
  1512 | Sewer    | Entered a sewer
  1954 | Sewer    | Reached skill level 5 in Axes
  2645 | D:4      | Noticed Blork the orc
  2653 | D:4      | Killed Blork the orc
  2767 | D:4      | Reached XP level 7. HP: 46/60 MP: 8/8
  3044 | D:4      | Noticed Robin
  3052 | D:4      | Reached skill level 6 in Axes
  3052 | D:4      | Reached skill level 5 in Shields
  3054 | D:4      | Killed Robin
  3516 | D:4      | Reached skill level 5 in Armour
  3660 | D:4      | Reached skill level 5 in Fighting
  3774 | D:4      | Found a staircase to the Ecumenical Temple.
  3786 | Temple   | Entered the Ecumenical Temple
  3810 | Temple   | Became a worshipper of Warmaster Okawaru
  4035 | D:4      | Found a glowing golden altar of the Shining One.
  4035 | D:4      | Noticed an angel
  4036 | D:4      | Found a runed door.
  4298 | D:5      | Entered Level 5 of the Dungeon
  4443 | D:5      | Reached XP level 8. HP: 50/69 MP: 10/10
  4655 | D:5      | Reached skill level 7 in Axes
  5389 | D:5      | Noticed Crazy Yiuf
  5397 | D:5      | Killed Crazy Yiuf
  5397 | D:5      | Reached * piety under Okawaru
  5527 | D:5      | Noticed a moth of wrath
  5530 | D:5      | Found a bloodstained altar of Trog.
  5655 | D:5      | Found a radiant altar of Vehumet.
  5655 | D:5      | Found an ancient bone altar of Kikubaaqudgha.
  5758 | D:6      | Found a sand-covered staircase.
  5764 | Ossuary  | Entered an ossuary
  5769 | Ossuary  | Noticed Aksej's ghost (amateur TrMo)
  5783 | Ossuary  | Killed Aksej's ghost
  5821 | Ossuary  | Reached skill level 8 in Axes
  6052 | Ossuary  | Reached XP level 9. HP: 36/75 MP: 11/11
  6053 | Ossuary  | Reached ** piety under Okawaru
  6728 | D:6      | Learned a level 8 spell: Necromutation
  6933 | D:6      | Found a basalt altar of Yredelemnul.
  7000 | D:6      | Found a hide-covered altar of Uskayaw.
  7020 | D:6      | Got a sapphire flail
  7021 | D:6      | Identified the +6 flail of Dung {drain, rF+ MR+ SInv} (You found it on level 6 of the Dungeon)
  7301 | D:7      | Reached skill level 9 in Axes
  7308 | D:7      | Reached skill level 5 in Dodging
  7373 | D:7      | Found a shimmering altar of Xom.
  7440 | D:7      | Reached skill level 1 in Transmutations
  7500 | D:7      | Reached *** piety under Okawaru
  7627 | D:7      | Found a flagged portal.
  7649 | Bailey   | Entered a bailey
  7666 | Bailey   | Noticed an orc warlord
  7754 | Bailey   | Noticed an orc knight
  7783 | Bailey   | Killed an orc knight
  7783 | Bailey   | Reached XP level 10. HP: 29/86 MP: 12/14
  8090 | Bailey   | Found a runed gate.
  8093 | Bailey   | Found a runed gate.
  8099 | Bailey   | Found a runed gate.
  8224 | Bailey   | Killed an orc warlord
  8224 | Bailey   | Reached **** piety under Okawaru
  8224 | Bailey   | Reached ***** piety under Okawaru
  8224 | Bailey   | Reached skill level 10 in Axes
  8272 | Bailey   | Got a heavily runed ring mail
  8283 | Bailey   | Identified the cursed +0 ring mail of Happy Babbling {Str+5} (You found it in a bailey)
  8285 | Bailey   | Gained mutation: You have sharp toenails. [potion of beneficial mutation]
  8286 | Bailey   | Gained mutation: Your spells are a little harder to cast, but a little more powerful. [potion of beneficial mutation]
  8681 | D:7      | Found a snail-covered altar of Cheibriados.
  8715 | D:7      | Learned a level 1 spell: Apportation
  8718 | D:7      | Learned a level 2 spell: Repel Missiles
  8721 | D:7      | Learned a level 2 spell: Blink
  9324 | D:8      | Got an ichor-stained buckler
  9335 | D:8      | Identified the cursed +0 buckler of the Realm of Zot {Stlth+} (You found it on level 8 of the Dungeon)
  9571 | D:8      | Received a gift from Okawaru
  9584 | D:8      | Identified a +0 pair of boots of running (Okawaru gifted it to you on level 8 of the Dungeon)
  9703 | D:8      | Noticed a brown ugly thing
  9715 | D:8      | Killed a brown ugly thing
 10234 | D:8      | Reached XP level 11. HP: 94/94 MP: 15/15
 10665 | D:9      | Found a shimmering altar of Xom.
 10822 | D:9      | Noticed Psyche
 10832 | D:9      | Killed Psyche
 10977 | D:9      | Found a glowing golden altar of the Shining One.
 11000 | D:9      | Reached skill level 11 in Axes
 11020 | D:9      | Found a shattered altar of Ashenzari.
 11723 | D:10     | Entered Level 10 of the Dungeon
 11811 | D:10     | Noticed Josephine
 11821 | D:10     | Killed Josephine
 12033 | D:10     | Noticed a hill giant
 12041 | D:10     | Killed a hill giant
 12069 | D:10     | Noticed Snorg
 12079 | D:10     | Killed Snorg
 12109 | D:10     | Found Mafaonacw's Antique Weapon Shop.
 12114 | D:10     | Bought a broad axe for 112 gold pieces
 12214 | D:10     | Noticed Harold
 12223 | D:10     | Killed Harold
 12436 | D:11     | Reached skill level 12 in Axes
 12476 | D:11     | Noticed Maud
 12500 | D:11     | Killed Maud
 12500 | D:11     | Received a gift from Okawaru
 12500 | D:11     | Reached XP level 12. HP: 86/104 MP: 11/18
 12525 | D:11     | Reached skill level 10 in Armour
 13081 | D:11     | Found a staircase to the Lair.
 13386 | D:11     | Reached skill level 5 in Spellcasting
 13476 | D:11     | Got a scorched marble ring
 13478 | D:11     | Identified the ring of Tapomn {rF+ Dex+2 Stlth+} (You found it on level 11 of the Dungeon)
 13809 | Lair:1   | Entered Level 1 of the Lair of Beasts
 13814 | Lair:1   | Noticed Sonja
 13834 | Lair:1   | Killed Sonja
 13834 | Lair:1   | Reached skill level 10 in Shields
 13955 | Lair:1   | Noticed a five-headed hydra
 13963 | Lair:1   | Killed a five-headed hydra
 14067 | Lair:1   | Identified a scroll of acquirement
 14070 | Lair:1   | Got a transparent buckler
 14081 | Lair:1   | Identified the +3 buckler of Greed {*Drain rCorr MP+9 Slay+6} (You acquired it on level 1 of the Lair of Beasts)
 14205 | Lair:1   | Reached ****** piety under Okawaru
 14509 | Lair:1   | Noticed a catoblepas
 14514 | Lair:1   | Killed a catoblepas
 14895 | Lair:1   | Received a gift from Okawaru
 14895 | Lair:1   | Reached skill level 13 in Axes
 15301 | Lair:2   | Found a staircase to the Swamp.
 15436 | Lair:2   | Reached skill level 10 in Fighting
 15481 | Lair:2   | Got a shimmering hand axe
 15482 | Lair:2   | Identified the +2 hand axe of the Harvest {elec, rC+ rN+ Int+3} (You found it on level 2 of the Lair of Beasts)
 15897 | Lair:2   | Noticed Gastronok
 15927 | Lair:2   | Killed Gastronok
 16343 | Lair:2   | Noticed a six-headed hydra
 16350 | Lair:2   | Killed an 11-headed hydra
 16575 | Lair:2   | Reached XP level 13. HP: 111/114 MP: 20/20
 16986 | Lair:3   | Found a labyrinth entrance.
 17001 | Lab      | Entered a labyrinth
 17421 | Lab      | Noticed a minotaur
 17428 | Lab      | Killed a minotaur
 17428 | Lab      | Received a gift from Okawaru
 17428 | Lab      | Reached skill level 1 in Invocations
 17431 | Lab      | Got a slimy hand axe {god gift}
 17432 | Lab      | Identified the +3 hand axe of Satyriasis {venom, +Blink Dex+2 Stlth-} (Okawaru gifted it to you in a labyrinth)
 17536 | Lab      | Got a transparent whip
 17542 | Lair:3   | Identified the +6 whip "Eczuruekil" {freeze, rC++ rN+ Int-4 Stlth+} (You found it in a labyrinth)
 17544 | Lair:3   | Identified a +4 rod of shadows (11/11) (You found it in a labyrinth)
 18631 | Lair:4   | Found a staircase to the Snake Pit.
 18689 | Lair:4   | Found an opulent altar of Gozag.
 19408 | Lair:4   | Received a gift from Okawaru
 19410 | Lair:4   | Reached skill level 14 in Axes
 19442 | Lair:4   | Got a pair of brightly glowing gloves {god gift}
 19644 | Lair:4   | Identified the +0 pair of gloves of Lifelessness {rElec Regen+ Stlth-} (Okawaru gifted it to you on level 4 of the Lair of Beasts)
 20158 | Lair:5   | Found a viscous altar of Jiyva.
 20158 | Lair:5   | Found a staircase to the Slime Pits.
 20730 | Lair:6   | Entered Level 6 of the Lair of Beasts
 21099 | Lair:6   | Found a dark tunnel.
 21112 | Volcano  | Entered a volcano
 21149 | Volcano  | Reached XP level 14. HP: 110/124 MP: 22/22
 21152 | Volcano  | Reached skill level 10 in Dodging
 21403 | Lair:6   | Received a gift from Okawaru
 21511 | Lair:6   | Found a runed door.
 21809 | Lair:6   | Reached skill level 15 in Axes
 22020 | Lair:6   | Paralysed by a wasp for 3 turns
 23507 | D:12     | Reached skill level 5 in Invocations
 23713 | D:12     | Found a staircase to the Orcish Mines.
 23718 | D:12     | Found a roughly hewn altar of Beogh.
 23771 | D:12     | Received a gift from Okawaru
 23974 | D:13     | Found a gate to the Vaults.
 23992 | D:13     | Noticed Azrael
 24007 | D:13     | Killed Azrael
 24367 | D:13     | Noticed Rupert
 24382 | D:13     | Killed Rupert
 24382 | D:13     | Received a gift from Okawaru
 24382 | D:13     | Reached XP level 15. HP: 56/133 MP: 24/24
 24443 | D:13     | Got a pair of spiked gloves {god gift}
 24454 | D:13     | Identified the -7 pair of gloves of Dim Light {rF+ Dex+5} (Okawaru gifted it to you on level 13 of the Dungeon)
 24941 | D:14     | Reached skill level 16 in Axes
 25007 | D:14     | Gained mutation: You are agile. (Dex +2) [potion of beneficial mutation]
 25808 | D:15     | Entered Level 15 of the Dungeon
 25908 | D:15     | Noticed Nessos
 25920 | D:15     | Killed Nessos
 26068 | D:15     | Found a staircase to the Depths.
 26480 | Orc:1    | Entered Level 1 of the Orcish Mines
 26573 | Orc:2    | Entered Level 2 of the Orcish Mines
 26579 | Orc:2    | Found a roughly hewn altar of Beogh.
 26638 | Orc:2    | Noticed flinch's ghost (journeyman OpCj)
 26654 | Orc:2    | Killed flinch's ghost
 26700 | Orc:2    | Found a staircase to the Elven Halls.
 27229 | Orc:2    | Found Pasarhid's Book Shoppe.
 27251 | Orc:2    | Received a gift from Okawaru
 27281 | Orc:2    | Found Celixtoi's Gadget Boutique.
 27306 | Orc:2    | Got a pitted shield {god gift}
 27317 | Orc:2    | Identified the +0 shield of Kindness {rPois rCorr Int-3} (Okawaru gifted it to you on level 2 of the Orcish Mines)
 27391 | Orc:2    | Found Gafy's Weapon Boutique.
 27399 | Orc:2    | Found Dazyvul's Weapon Shoppe.
 27527 | Orc:2    | Found Huruzis's Armour Boutique.
 27609 | Orc:2    | Bought the +10 plate armour "Synirgh" {rN+} for 1094 gold pieces
 28156 | Swamp:1  | Entered Level 1 of the Swamp
 28672 | Swamp:1  | Reached skill level 17 in Axes
 28874 | Swamp:1  | Noticed a thorn hunter
 28890 | Swamp:1  | Killed a thorn hunter
 30085 | Swamp:2  | Reached XP level 16. HP: 124/143 MP: 26/26
 31423 | Swamp:3  | Received a gift from Okawaru
 31532 | Swamp:4  | Entered Level 4 of the Swamp
 32034 | Swamp:4  | Slain by a swamp dragon

Vault maps used:
D:1:      minmay_arrival_doors
D:2:      zin_purify, nicolae_ru_awakened_eye
D:3:      gup_sewer_entry_glass, uniq_sigmund
D:4:      minmay_temple_entry_hall, first_bread, lemuel_angel_altar,
          uniq_blork_the_orc, uniq_robin
D:5:      tgw_trog, gammafunk_temple_overflow_pools, uniq_crazy_yiuf_cottage
D:6:      nicolae_overflow_hidden_temple, basic_altar,
          nicolae_ossuary_entry_plus
D:7:      cheibriados_altar_1, kb_xom_exploding_sheep, enter_bailey_7,
          grunt_livestock
D:8:      kennysheep_blocky_room
D:9:      ashenzari_altar_1, tso_altar, basic_altar, minmay_misc_feat_cross,
          uniq_psyche
D:10:     serial_shops, nicolae_shop_trees, uniq_harold, uniq_snorg,
          uniq_josephine
D:11:     kennysheep_ambush_hall, erik_lair_island, uniq_maud
D:12:     minmay_orc_entry_temple_small
D:13:     erik_vaults_1, uniq_rupert, uniq_azrael
D:14:     roderic_three_in_a_row
D:15:     grunt_enter_depths_magical_seal, minmay_misc_feat_ornament,
          uniq_nessos
Temple:   circular_temple_12
Lair:1:   worms_lemuel, grunt_megastairs_2, serial_bayou_shore_a, uniq_sonja
Lair:2:   minmay_swamp_entry_wisps, portal_ice_cave_entry_pillars_2,
          grunt_megastairs_5, uniq_gastronok
Lair:3:   lab_entry_generic
Lair:4:   dummy_snake_entry, basic_altar, minmay_lair_oklob_bushes
Lair:5:   slime_altar_1
Lair:6:   hangedman_lair_tendril_chambers, wormcave,
          nicolae_volcano_entry_two_sided, serial_bayou_ford_a
Swamp:1:  evilmike_swamp_ruin_wall
Swamp:2:  evilmike_swamp_ruin_house_4, swamp_pool2, infiniplex_staircase_pool
Swamp:3:  nicolae_swamp_round_clearing, swamp_pool1
Swamp:4:  swamp_old_school, swamp_pool3
Orc:2:    st_orc_elflike, serial_shops, shop, basic_altar
Lab:      labyrinth_lava_lair, nicolae_lab_diamond, labyrinth_skeletal_remains,
          nicolae_lab_grate_2, labyrinth_glass_1
Sewer:    sewer_fruit_machine
Ossuary:  ossuary_minmay_four_chambers
Bailey:   bailey_axe_bossmonster_kennysheep, bailey
Volcano:  volcano_aerie

Skill      XL: |  1  2  3  4  5  6  7  8  9 10 11 12 13 14 15 16 |
---------------+-------------------------------------------------+-----
Axes           | 3 4 5 6 8 9 10 12 13 14 15 17 | 17.8
Fighting       | 4 5 6 7 8 9 10 11 12 13 | 13.3
Dodging        | 1 2 3 4 5 6 7 9 10 11 | 11.9
Armour         | 4 5 6 7 8 9 10 11 12 13 | 13.7
Shields        | 4 5 6 7 8 9 10 11 12 13 | 13.1
Spellcasting   | 1 2 3 4 5 6 7 |  7.8
Transmutations | 1 3 |  3.9
Invocations    | 3 5 |  5.0

Action                   |  1- 3 |  4- 6 |  7- 9 | 10-12 | 13-15 | 16-18 || total
-------------------------+-------+-------+-------+-------+-------+-------++-------
Melee: War axe           |    62 |   165 |   316 |       |       |       ||   543
       Headbutt          |    13 |    22 |    76 |   152 |   332 |    62 ||   657
       Flail             |       |       |    93 |   565 |    58 |   209 ||   925
       Kick              |       |       |       |    28 |       |       ||    28
       Hand axe          |       |       |       |    77 |   251 |       ||   328
       Broad axe         |       |       |       |       |   908 |       ||   908
Throw: Tomahawk          |       |       |       |     5 |       |       ||     5
Invok: Finesse           |       |       |       |     2 |     2 |       ||     4
       Heroism           |       |       |       |     1 |       |       ||     1
Evoke: Wand              |       |       |       |     1 |       |       ||     1
  Use: Scroll            |       |    10 |     9 |    15 |    16 |     1 ||    51
       Potion            |       |     5 |       |    17 |    13 |     4 ||    39
 Stab: Sleeping          |       |       |       |     2 |       |       ||     2
  Eat: Chunk             |       |     7 |    14 |    25 |    31 |     3 ||    80
       Beef jerky        |       |       |     2 |     4 |     3 |       ||     9
       Pizza             |       |       |       |       |     2 |       ||     2
       Royal jelly       |       |       |       |       |     3 |       ||     3
Armor: Scale mail        |    20 |       |       |       |       |       ||    20
       Chain mail        |    22 |   132 |   234 |     7 |       |       ||   395
       Plate armour      |       |       |       |   293 |   524 |   119 ||   936
       Ring mail         |       |       |       |    15 |       |       ||    15
Dodge: Dodged            |    23 |    41 |   139 |   321 |   615 |   178 ||  1317
Block: Shield            |    30 |    87 |   282 |   191 |       |       ||   590
       Buckler           |       |       |       |   130 |   450 |   106 ||   686
